 Dungeon Crawl Stone Soup version 0.31-a0-151-ge443d1f16c (webtiles) character file.

Game seed: 17788603963701029681

889 qw the Skirmisher (level 8, 0/49 HPs)
             Began as a Gargoyle Hunter on June 8, 2023.
             Slain by a gnoll sergeant
             ... wielding a +2 spear of venom
              (10 damage)
             ... on level 6 of the Dungeon.
             The game lasted 00:01:51 (4947 turns).

qw the Skirmisher (Gargoyle Hunter)                 Turns: 4947, Time: 00:01:51

Health: 0/49       AC: 15    Str: 16    XL:     8   Next: 6%
Magic:  8/8        EV: 11    Int:  9    God:
Gold:   217        SH:  0    Dex: 13    Spells: 7/7 levels left

rFire   . . .        c - +0 orcbow
rCold   + . .        (shield currently unavailable)
rNeg    + . .        g - +0 ring mail
rPois   inf          h - +1 helmet
rElec   +            (no cloak)
rCorr   .            (no gloves)
SInv    .            d - +1 pair of boots
Will    .....        (no amulet)
Stlth   +            e - ring of protection from cold
HPRegen 0.28/turn    (no ring)
MPRegen 0.11/turn

%: no passive effects
@: no status effects
A: sickness immunity, AC +5, negative energy resistance 1, electricity
resistance, torment resistance 1, petrification resistance, clumsy 1
a: no special abilities


You were on level 6 of the Dungeon.
You visited 1 branch of the dungeon, and saw 6 of its levels.

You collected 329 gold pieces.
You spent 112 gold pieces at shops.


Innate Abilities, Weirdness & Mutations

You are immune to sickness and miasma.
Your stone body is resilient. (AC +5)
You are immune to poison.
You resist negative energy. (rN+)
You are resistant to electric shocks. (rElec)
You are resistant to unholy torment.
You are immune to petrification.
You are clumsy. (Dex -2)


   Skills:
 - Level 5.2 Fighting
 + Level 8.0 Ranged Weapons
 - Level 2.5 Armour
 - Level 2.3 Dodging
 - Level 1.1 Stealth


You had 7 spell levels left.
You didn't know any spells.
Your spell library was empty.

Inventory:

Hand Weapons
 c - a +0 orcbow (weapon)
Armour
 d - a +1 pair of boots (worn)
 g - a +0 ring mail (worn)
 h - a +1 helmet (worn)
Jewellery
 e - a ring of protection from cold (left hand)
 f - a ring of fire
Wands
 k - a wand of digging (5)
Scrolls
 a - 4 scrolls of teleportation
 b - 2 scrolls of identify
 j - a scroll of magic mapping {unknown}
Potions
 i - a potion of curing
 l - a potion of resistance
 n - 2 potions of mutation
 o - a potion of cancellation
 q - 2 potions of might

Dungeon Overview and Level Annotations

Branches:
Dungeon (6/15)
 Temple: D:4-7

Altars:
Ashenzari
Yredelemnul

Shops:
D:3 *:

Portals:
Abyss: D:5

Annotations:
D:4 2 transporters, qw's ghost, amateur GrFi
D:5 2 transporters, qw's ghost, novice MiHu


Message History

You shoot an arrow. The arrow barely misses the gnoll.
The arrow barely misses the gnoll sergeant.
The gnoll hits you with a +0 whip. The gnoll sergeant barely misses you.
The gnoll hits you with a +0 flail. The gnoll hits you but does no damage.
The gnoll closely misses you. The gnoll sergeant closely misses you.
You shoot an arrow. The arrow barely misses the gnoll.
The arrow closely misses the gnoll sergeant.
The gnoll hits you with a +0 whip. The gnoll closely misses you.
The gnoll sergeant hits you from afar with a +2 spear of venom.
You shoot an arrow. The arrow hits the gnoll!
You kill the gnoll!
The gnoll sergeant hits you from afar with a +2 spear of venom!
The gnoll hits you with a +0 flail.
You shoot an arrow. The arrow hits the gnoll.
The gnoll is almost dead.
The gnoll hits you but does no damage.
The gnoll sergeant hits you but does no damage.
The gnoll misses you.
You shoot an arrow. The arrow closely misses the gnoll.
The arrow hits the gnoll sergeant but does no damage.
The gnoll hits you with a +0 flail.
The gnoll sergeant hits you but does no damage.
You shoot an arrow.
The arrow hits the gnoll but does no damage.
The gnoll is almost dead.
The gnoll misses you.
The gnoll sergeant hits you from afar with a +2 spear of venom.
The gnoll barely misses you.
The gnoll sergeant hits you but does no damage.
The gnoll closely misses you.
You shoot an arrow. The arrow barely misses the gnoll.
The arrow closely misses the gnoll sergeant.
The gnoll barely misses you.
The gnoll sergeant hits you from afar with a +2 spear of venom.
The gnoll hits you with a +0 flail.
You shoot an arrow. The arrow completely misses the gnoll.
The arrow hits the gnoll sergeant but does no damage.
The gnoll hits you with a +0 flail.
The gnoll sergeant hits you from afar with a +2 spear of venom!
You die...

...# #..............+......#
...# #..............#......#
...######..##'####..#........#
#.......#..##..###############
'.......#.......#....#
#.......#.......#....#
#.......'.......#.g. #
#.......#####'###g#..#
................@g.#
...................#
..............>....#
...................#
............#####...#
####........# ...# #........+
...# #........# ..##
#....###.#


You could see a gnoll sergeant and 2 gnolls.

Vanquished Creatures
  Sigmund (D:4)
  An ogre (D:5)
  A centaur (D:6)
  3 phantoms
  2 hounds (D:5)
  A jelly (D:5)
  2 iguanas (D:5)
  An orc wizard (D:4)
  Robin (D:3)
  A gnoll (D:6)
  4 adders
  A white imp (D:5)
  A worm (D:4)
  5 dart slugs
  11 endoplasms
  4 giant cockroaches
  13 hobgoblins
  3 jackals (D:4)
  5 quokkas
  12 ball pythons
  5 bats
  2 frilled lizards
  9 goblins
  4 kobolds
  4 rats
97 creatures vanquished.

Notes
Turn   | Place    | Note
-------+----------+-------------------------------------------
     0 | D:1      | qw the Gargoyle Hunter began the quest for the Orb.
     0 | D:1      | Reached XP level 1. HP: 12/12 MP: 1/1
     0 | D:1      | 0 ||| qw: Version: 0.2-a-120-gdf1a93b
     0 | D:1      | 0 ||| qw: Game counter: 3074
     0 | D:1      | 0 ||| qw: Always use a shield: true
     0 | D:1      | 0 ||| qw: God list: Okawaru
     0 | D:1      | 0 ||| qw: Allow faded altars: false
     0 | D:1      | 0 ||| qw: Do Orc after D:15 true
     0 | D:1      | 0 ||| qw: Do second Lair branch before Depths: true
     0 | D:1      | 0 ||| qw: Lair rune preference: random
     0 | D:1      | 0 ||| qw: Plans: Normal
     0 | D:1      | 0 ||| PLANNING D:1-11
   310 | D:1      | Reached XP level 2. HP: 17/17 MP: 2/2
   911 | D:1      | 911 ||| UPGRADING to +1 pair of boots.
   916 | D:1      | 916 ||| UPGRADING to +0 helmet.
   921 | D:1      | 921 ||| UPGRADING to ring of protection from cold.
   922 | D:1      | 922 ||| READING 2 scrolls labelled HYMIGIREUN.
   925 | D:1      | 925 ||| READING scroll labelled JEUZ WOCIGGU.
   926 | D:1      | 926 ||| READING scroll labelled IXTOSOO RIDWE.
   927 | D:1      | 927 ||| READING scroll labelled ORORAUHYETT.
   928 | D:1      | 928 ||| DROPPING scroll of butterflies.
   969 | D:2      | Reached XP level 3. HP: 21/21 MP: 3/3
  1091 | D:2      | Reached skill level 5 in Ranged Weapons
  1186 | D:2      | Found a faded altar of an unknown god.
  1842 | D:2      | 1842 ||| READING 2 scrolls labelled BEATRI ZUOQEIC.
  1843 | D:2      | 1843 ||| READING scroll labelled JUYTIO ZUXOICS.
  1844 | D:2      | 1844 ||| READING scroll labelled RIS CEYSACEME.
  1899 | D:3      | Reached skill level 3 in Fighting
  1899 | D:3      | Reached XP level 4. HP: 25/28 MP: 4/4
  2056 | D:3      | Reached skill level 1 in Armour
  2133 | D:3      | Noticed Robin
  2155 | D:3      | Killed Robin
  2224 | D:3      | Found Hotag's Assorted Antiques.
  2233 | D:3      | 2233 ||| BUYING scroll labelled FYFOYZ KEOSK (28 gold).
  2233 | D:3      | Bought a scroll labelled FYFOYZ KEOSK for 28 gold pieces
  2233 | D:3      | 2233 ||| BUYING scroll of teleportation (84 gold).
  2233 | D:3      | Bought a scroll of teleportation for 84 gold pieces
  2233 | D:3      | 2233 ||| SHOPLISTING scroll of teleportation (84 gold, have
                  | 65).
  2331 | D:3      | Found a basalt altar of Yredelemnul.
  2423 | D:3      | Found Xaebaga's Book Emporium.
  2602 | D:3      | 2602 ||| READING scroll of enchant armour.
  2602 | D:3      | 2602 ||| ENCHANTING +0 helmet.
  2758 | D:3      | 2758 ||| READING scroll labelled NEL KEOCOAHOE.
  2759 | D:3      | 2759 ||| READING 2 scrolls labelled FYFOYZ KEOSK.
  2760 | D:3      | 2760 ||| READING scroll labelled RUQIBIAVVI.
  2761 | D:3      | 2761 ||| READING 5 scrolls of identify.
  2761 | D:3      | 2761 ||| IDENTIFYING orange potion
  2762 | D:3      | 2762 ||| READING 4 scrolls of identify.
  2762 | D:3      | 2762 ||| IDENTIFYING bubbling puce potion
  2763 | D:3      | 2763 ||| READING 3 scrolls of identify.
  2763 | D:3      | 2763 ||| IDENTIFYING ruby potion
  2764 | D:3      | 2764 ||| READING 2 scrolls of identify.
  2764 | D:3      | 2764 ||| IDENTIFYING fuming purple potion
  2765 | D:3      | 2765 ||| DROPPING potion of invisibility.
  2766 | D:3      | 2766 ||| DROPPING potion of ambrosia.
  2767 | D:3      | 2767 ||| DROPPING potion of attraction.
  2768 | D:3      | 2768 ||| DROPPING scroll of blinking.
  2878 | D:4      | Noticed a gnoll sergeant
  2914 | D:4      | Found a transporter.
  2914 | D:4      | Found a transporter.
  2922 | D:4      | Noticed qw's ghost (amateur GrFi)
  2927 | D:4      | Noticed a phantom
  2952 | D:4      | Killed a phantom
  2953 | D:4      | Reached skill level 6 in Ranged Weapons
  2953 | D:4      | Reached XP level 5. HP: 27/32 MP: 5/5
  3074 | D:4      | Noticed Sigmund
  3077 | D:4      | 3077 ||| FLEEEEING.
  3078 | D:4      | 3078 ||| FLEEEEING.
  3079 | D:4      | 3079 ||| FLEEEEING.
  3080 | D:4      | 3080 ||| FLEEEEING.
  3081 | D:4      | 3081 ||| FLEEEEING.
  3087 | D:4      | 3087 ||| FLEEEEING.
  3088 | D:4      | 3088 ||| FLEEEEING.
  3089 | D:4      | 3089 ||| FLEEEEING.
  3091 | D:4      | 3091 ||| FLEEEEING.
  3097 | D:4      | 3097 ||| FLEEEEING.
  3098 | D:4      | 3098 ||| FLEEEEING.
  3099 | D:4      | 3099 ||| FLEEEEING.
  3100 | D:4      | 3100 ||| FLEEEEING.
  3101 | D:4      | 3101 ||| FLEEEEING.
  3102 | D:4      | 3102 ||| STAIRDANCE
  3158 | D:4      | 3158 ||| STAIRDANCE
  3160 | D:4      | 3160 ||| STAIRDANCE
  3162 | D:4      | 3162 ||| STAIRDANCE
  3164 | D:3      | 3164 ||| DRINKING potion of curing.
  3164 | D:3      | 3164 ||| (to cure confusion)
  3176 | D:4      | Killed Sigmund
  3177 | D:4      | Reached XP level 6. HP: 40/40 MP: 6/6
  3292 | D:4      | 3292 ||| FLEEEEING.
  3293 | D:4      | 3293 ||| STAIRDANCE
  3298 | D:4      | 3298 ||| STAIRDANCE
  3356 | D:3      | 3356 ||| READING 2 scrolls of identify.
  3356 | D:3      | 3356 ||| IDENTIFYING cyan potion
  3576 | D:4      | 3576 ||| DRINKING 3 fizzy red potions.
  3576 | D:4      | Gained mutation: You are clumsy. (Dex -2) [potion of
                  | mutation]
  3577 | D:4      | 3577 ||| DRINKING 2 lumpy emerald potions.
  3605 | D:5      | Entered Level 5 of the Dungeon
  3635 | D:5      | HP: 9/40 [white imp (2)]
  3636 | D:5      | 3636 ||| READING 4 scrolls of teleportation.
  3639 | D:5      | Reached skill level 7 in Ranged Weapons
  3639 | D:5      | Reached XP level 7. HP: 8/44 MP: 7/7
  3817 | D:5      | Found a broken altar of Ashenzari.
  3847 | D:5      | Found a transporter.
  3869 | D:5      | Found a one-way gate to the infinite horrors of the Abyss.
  3869 | D:5      | Noticed qw's ghost (novice MiHu)
  3941 | D:5      | Identified the staff of cold "Ubberoisime" {rC+ rN+ rCorr}
  4373 | D:5      | Found a transporter.
  4436 | D:5      | Reached skill level 8 in Ranged Weapons
  4649 | D:5      | 4649 ||| UPGRADING to +0 ring mail.
  4659 | D:5      | 4659 ||| DROPPING +0 leather armour.
  4660 | D:5      | 4660 ||| READING scroll labelled AKHUPH GAPLIPTIORA.
  4661 | D:5      | 4661 ||| READING 3 scrolls of identify.
  4661 | D:5      | 4661 ||| IDENTIFYING inky potion
  4754 | D:6      | Reached XP level 8. HP: 29/49 MP: 8/8
  4852 | D:6      | 4852 ||| SWAPPING to +0 orcbow.
  4853 | D:6      | 4853 ||| DROPPING +1 shortbow.
  4947 | D:6      | HP: 10/49 [gnoll/+0 flail[a gnoll sergeant] (4)]
  4947 | D:6      | Slain by a gnoll sergeant

Levels and vault maps discovered:
D:1:      sevenhm_arrival_forest_fort_large_4, layout_basic, minmay_hexomino_f4
D:2:      layout_loops_corners, shapermc_ecumenical_altar_flowoftime,
          minmay_box_of_dots
D:3:      layout_basic, mainiacjoe_overflow_cross_hatched, serial_shops, shop,
          nicolae_shop_just_a_little_nook, uniq_robin
D:4:      layout_rooms, gammafunk_ghost_gnarly_gnolls, grunt_decor_fettered,
          minmay_circle_x, uniq_sigmund
D:5:      layout_cave_pods, cheibrodos_ashenzari_chains,
          gammafunk_ghost_abyssal_escape, hangedman_abyss_or_decor_stagger
D:6:      layout_gridville, grunt_dithmenos_smoke, grunt_gozag_statues,
          uniq_maggie

Skill      XL: |  1  2  3  4  5  6  7 |
---------------+----------------------+-----
Ranged Weapons | 5 6 7 8 |  8.0
Fighting       | 3 5 |  5.2
Armour         | 1 2 |  2.5
Dodging        | 2 |  2.3
Stealth        | |  1.1

Action                     |  1- 3 |  4- 6 |  7- 9 || total
---------------------------+-------+-------+-------++-------
   Fire: Shortbow          |   118 |   193 |    85 ||   396
         Orcbow            |       |       |    11 ||    11
    Use: Scroll            |     7 |    10 |     2 ||    19
         Potion            |       |     3 |       ||     3
 Armour: Leather armour    |    21 |    52 |    14 ||    87
         Ring mail         |       |       |    27 ||    27
  Dodge: Dodged            |    30 |    65 |    37 ||   132

Table legend:
 A = Non-vault XP
 B = Vault XP
 C = Vault XP percentage of total XP
 D = Non-vault monster count
 E = Vault monster count
 F = Vault count percentage of total count
                 A         B        C        D         E       F
            +---------+---------+-------+---------+---------+-------
      Total |     945 |     325 |  25.6 |      77 |      20 |  20.6
            +---------+---------+-------+---------+---------+-------
        D:1 |      23 |       7 |  23.3 |      16 |       4 |  20.0
        D:2 |      35 |       2 |   5.4 |      17 |       2 |  10.5
        D:3 |      59 |      29 |  33.0 |      20 |       8 |  28.6
        D:4 |     131 |     287 |  68.7 |      12 |       6 |  33.3
        D:5 |     565 |       0 |   0.0 |      10 |       0 |   0.0
        D:6 |     132 |       0 |   0.0 |       2 |       0 |   0.0
            +---------+---------+-------+---------+---------+-------
